Map: Dreamcatcher LE

Players

Cure

  • Race: Terran Terran
  • League: Master
  • Spawn Location: 5:00

liquidthermy (uThermal) - Winner!

  • Race: Terran Terran
  • League: Master
  • Spawn Location: 11:00

Event: HomeStory Cup XVIII

VOD

Have the link to the VOD?

Description

Time

  • Played on: Nov. 22, 2018, 12:09 p.m.
  • Length: 22:34

All games in this series

Show
View Real Time Build Order
Export as new Build Order

Cure Terran 

Build Orders: 1/1/1, Banshee Rush 

Get SALT Encoding   

  12  0:00  SCV  
  13  0:12  SCV  
  14  0:17  Supply Depot  
  14  0:24  SCV  
  14  0:27  Refinery  
  15  0:38  SCV  
  16  0:44  Barracks  
  16  0:50  SCV  
  16  0:55  Refinery  
  17  1:03  SCV  
  18  1:15  SCV  
  19  1:30  Orbital Command  
  19  1:31  Factory  
  19  1:36  Reaper  
  20  1:48  Supply Depot  
  20  1:56  SCV  
  21  2:08  Reaper, SCV  
  22  2:15  Hellion  
  25  2:17  Starport  
  25  2:20  SCV  
  26  2:32  SCV  
  27  2:40  Barracks Tech Lab  
  27  2:44  Command Center  
  27  2:51  Supply Depot  
  27  2:52  SCV  
  28  3:02  Cloaking Field  
  28  3:08  Banshee  
  33  3:13  Widow Mine  
  33  3:15  SCV  
  33  3:18  Barracks Reactor  
  34  3:27  Supply Depot, SCV  
  35  3:34  Factory Tech Lab  
  35  3:39  SCV  
  36  3:50  Banshee  
  36  3:51  Refinery, SCV  
  36  3:55  Marine x2  
  42  3:58  Orbital Command  
  42  4:04  SCV  
  42  4:07  Cyclone  
  46  4:13  Marine x2  
  46  4:16  SCV  
  49  4:24  Supply Depot  
  49  4:26  SCV  
  49  4:28  SCV  
  51  4:33  Raven  
  51  4:38  SCV  
  51  4:39  Marine  
  51  4:40  SCV  
  51  4:41  Marine  
  54  4:47  Siege Tank  
  54  4:50  SCV  
  54  4:52  SCV  
  59  4:55  Supply Depot  
  59  5:01  Marine x2  
  59  5:02  SCV  
  59  5:04  Supply Depot, SCV  
  63  5:14  SCV  
  63  5:16  SCV  
  65  5:21  Siege Tank  
  65  5:26  SCV  
  65  5:27  Supply Depot  
  65  5:28  Marine, Viking x2, SCV  
  75  5:39  SCV  
  75  5:41  SCV  
  74  5:43  Stimpack  
  74  5:45  Supply Depot  
  74  5:46  Marine  
  75  5:54  Siege Tank  
  78  5:58  Viking  
  78  6:03  Marine  
  81  6:04  Command Center  
  81  6:12  Supply Depot, SCV x2  
  81  6:14  Viking, Refinery  
  85  6:21  Marine  
  85  6:22  Supply Depot  
  86  6:27  Barracks  
  86  6:28  Siege Tank  
  86  6:31  SCV x2  
  86  6:32  Barracks  
  91  6:39  Marine  
  92  6:43  SCV x2  
  92  6:46  Viking x2  
  98  6:56  SCV x2  
  98  6:57  Marine  
  98  6:59  Engineering Bay x2  
  99  7:13  Siege Tank  
  99  7:15  Marine  
  92  7:18  Viking x2, SCV  
  92  7:19  SCV  
  93  7:23  Orbital Command  
  93  7:31  SCV x2  
  93  7:32  Barracks Reactor, Barracks Tech Lab  
  93  7:33  Marauder  
  92  7:48  Siege Tank  
  92  7:49  Viking x2  
  92  7:50  SCV x3  
  101  7:52  Refinery x2  
  101  7:56  Marine x2  
  101  7:57  Combat Shield  
  103  8:02  Barracks  
  103  8:04  SCV  
  103  8:05  SCV x2  
  106  8:06  Barracks  
  106  8:15  Terran Infantry Weapons Level 1, Terran Infantry Armor Level 1  
  106  8:17  SCV x3  
  106  8:19  Marine x2, Marauder x2  
  115  8:24  Viking  
  115  8:26  Viking  
  119  8:29  SCV x3  
  119  8:33  Supply Depot x2  
  122  8:39  Marine x2  
  122  8:40  Marauder x2  
  122  8:41  Siege Tank  
  131  8:43  SCV x2  
  133  8:51  Barracks Tech Lab  
  133  8:52  Supply Depot  
  133  8:54  SCV  
  134  8:59  Viking x2  
  134  9:01  Barracks Reactor  
  138  9:03  Armory  
  138  9:05  Command Center  
  138  9:07  Supply Depot  
  136  9:16  Marauder x3, Marine x2  
  144  9:19  Concussive Shells  
  144  9:20  Supply Depot  
  144  9:21  SCV x3  
  145  9:30  Viking  
  145  9:31  Viking  
  148  9:33  Siege Tank  
  148  9:35  SCV  
  148  9:36  SCV x2  
  154  9:45  Starport  
  154  9:47  Starport  
  154  9:48  SCV x3  
  157  9:52  Fusion Core  
  157  10:00  SCV x3  
  157  10:03  Viking x2  
  158  10:15  Marine x4, Marauder x3  
  158  10:29  SCV x3  
  158  10:30  Planetary Fortress  
  158  10:31  Refinery  
  158  10:33  Viking x2, Refinery  
  161  10:45  Marine x2, Barracks Reactor  
  161  10:46  Marauder x2  
  161  10:49  Viking  
  166  10:50  Viking x2  
  166  10:52  Terran Infantry Weapons Level 2, Barracks Tech Lab  
  166  10:53  Barracks  
  166  10:54  Barracks  
  166  10:56  Barracks  
  170  11:08  Viking x2  
  180  11:11  Marauder x3  
  180  11:13  Supply Depot  
  180  11:15  Marine x2  
  182  11:19  Viking  
  182  11:21  Viking x2  
  182  11:23  Advanced Ballistics  
  188  11:26  Supply Depot  
  187  11:33  Marine, Terran Ship Weapons Level 1  
  187  11:35  Marine  
  187  11:38  Viking x2  
  193  11:50  Viking  
  193  11:51  Viking  
  186  12:02  Viking  
  186  12:05  Refinery  
  186  12:07  Command Center  
  186  12:08  Viking x2  
  186  12:11  Barracks Tech Lab x2  
  186  12:13  Sensor Tower  
  186  12:14  Liberator  
  186  12:16  Command Center  
  186  12:19  Viking  
  188  12:27  Terran Infantry Armor Level 2  
  188  12:32  Viking  
  188  12:35  Liberator x2  
  190  12:41  Command Center  
  190  12:43  Command Center  
  135  12:53  Marauder x4, Marine x4  
  135  12:55  Barracks Reactor  
  135  13:01  Liberator x2  
  134  13:11  Marine  
  119  13:16  SCV  
  119  13:17  SCV x3  
  119  13:19  Viking  
  125  13:20  Refinery  
  125  13:33  Marauder x5, Marine x6  
  141  13:35  Viking  
  143  13:41  Viking  
  145  13:53  Command Center, Orbital Command  
  145  14:01  Viking  
  147  14:03  Terran Infantry Weapons Level 3  
  147  14:06  Terran Ship Weapons Level 2  
  147  14:13  Orbital Command  
  147  14:14  SCV x3  
  147  14:15  SCV  
  141  14:21  Planetary Fortress  
  140  14:28  SCV x5  
  145  14:34  Viking  
  145  14:50  SCV x4  
  145  14:51  SCV x2  
  145  14:52  Viking  
  140  15:00  SCV  
  140  15:02  SCV  
  140  15:04  SCV x2  
  140  15:05  SCV  
  135  15:22  Marine x2  
  135  15:23  Marauder x4, Marine x2  
  135  15:25  Viking  
  136  15:46  Marine x6, Marauder x3  
  136  15:47  Marauder, Viking  
  139  15:57  Viking  
  139  16:01  Viking  
  139  16:02  Marine  
  145  16:09  Viking  
  145  16:17  Viking x2  
  141  16:31  Viking  
  141  16:39  Viking  
  117  16:47  Viking x2  
  115  16:56  Marine, Marauder x2  
  115  16:57  Marauder  
  115  16:58  Marine  
  115  17:01  Viking  
  121  17:09  Viking  
  121  17:10  Orbital Command  
  110  17:17  Viking x2  
  110  17:18  SCV  
  114  17:27  Orbital Command  
  114  17:34  Viking  
  114  17:43  Medivac  
  104  17:47  Medivac  
  98  18:00  Marine x2, Marauder x3  
  98  18:05  Marauder  
  58  18:14  SCV  
  58  18:15  SCV x2  
  58  18:16  SCV  
  62  18:23  Marauder  
  62  18:26  SCV  
  65  18:27  SCV x2  
  65  18:28  SCV  
  66  18:36  Marauder  
  66  18:38  SCV  
  66  18:40  SCV x2  
  66  18:41  SCV  
  70  18:50  SCV  
  70  18:52  SCV x2  
  67  18:58  Marine  
  67  18:59  Marauder  
  67  19:01  SCV  
  71  19:12  Medivac  
  71  19:13  Marauder  
  71  19:14  Marauder  
  71  19:16  SCV  
  78  19:17  SCV  
  78  19:20  SCV x2  
  81  19:25  Medivac  
  81  19:28  Marine  
  81  19:29  Marauder  
  83  19:46  Viking x2  
  87  19:53  Marauder x4  
  87  19:55  Marine  
  96  20:02  Viking  
  96  20:05  Viking  
  100  20:16  Viking x2  
  100  20:17  SCV  
  104  20:29  Orbital Command  
  104  20:32  Viking  
  104  20:35  Viking  
  106  20:38  Marauder x3  
  106  20:39  Marine  
  103  20:46  Viking  
  103  20:49  Marauder  
  105  21:02  Marauder  
  105  21:03  Marine, Marauder  
  95  21:10  Marauder  
  77  21:27  Marine x6, Marauder  
  77  21:32  Marauder  
  70  21:44  SCV  
  70  21:45  Marine x4, SCV x2  
  60  21:49  Marauder  
  60  21:53  Marauder  
  61  21:56  Marine  
  56  22:04  Marine x3  
  57  22:10  Marauder  
  62  22:28  Refinery  
Show
View Real Time Build Order
Export as new Build Order

liquidthermy Terran - Winner!

Build Orders: Cyclone Opening, Mech 

Get SALT Encoding   

  12  0:01  SCV  
  13  0:13  SCV  
  14  0:17  Supply Depot  
  14  0:25  SCV  
  15  0:31  Refinery  
  15  0:39  SCV  
  16  0:44  Barracks  
  16  0:51  SCV  
  16  0:57  Refinery  
  17  1:03  SCV  
  18  1:15  SCV  
  19  1:31  Reaper, Orbital Command  
  20  1:35  Factory  
  20  1:43  Supply Depot  
  20  1:56  SCV  
  21  2:03  Reaper  
  22  2:09  SCV  
  23  2:19  Factory Tech Lab  
  23  2:21  SCV  
  24  2:25  Command Center  
  24  2:33  SCV  
  25  2:39  Cyclone  
  25  2:42  Supply Depot  
  28  2:47  SCV  
  29  2:54  Starport  
  29  2:59  SCV  
  29  3:03  Barracks Reactor  
  30  3:11  SCV  
  31  3:16  Engineering Bay  
  31  3:18  Cyclone  
  34  3:23  SCV  
  35  3:36  SCV  
  35  3:37  Orbital Command  
  36  3:45  Missile Turret  
  36  3:48  SCV  
  37  3:53  Siege Tank  
  40  3:59  Missile Turret  
  40  4:02  SCV  
  41  4:03  SCV  
  42  4:13  Viking  
  42  4:14  SCV  
  42  4:16  SCV  
  46  4:21  Viking  
  48  4:26  SCV  
  49  4:31  SCV  
  50  4:41  Command Center  
  50  4:42  Supply Depot  
  50  4:43  SCV  
  50  4:44  SCV  
  51  4:54  Refinery  
  51  4:55  Refinery, SCV  
  51  4:57  SCV  
  53  5:04  Siege Tank  
  53  5:05  Viking  
  58  5:07  Supply Depot  
  58  5:08  SCV  
  58  5:09  SCV  
  58  5:13  Supply Depot  
  60  5:16  Viking  
  62  5:25  Factory  
  62  5:26  Barracks Reactor  
  62  5:29  SCV  
  62  5:31  Supply Depot  
  62  5:33  SCV  
  62  5:39  Viking  
  64  5:46  Viking  
  64  5:47  SCV  
  64  5:49  SCV  
  68  5:55  Siege Tank  
  71  5:59  SCV  
  71  6:01  SCV  
  71  6:03  Orbital Command  
  73  6:10  Factory  
  73  6:12  SCV  
  73  6:13  SCV  
  73  6:15  Barracks Tech Lab  
  73  6:18  Viking  
  77  6:22  Viking  
  79  6:27  Siege Tank  
  79  6:30  Hellion  
  79  6:32  Hellion  
  86  6:37  Liberator, SCV  
  86  6:38  Orbital Command  
  87  6:45  Missile Turret, Liberator, SCV  
  87  6:46  Missile Turret, Sensor Tower  
  87  6:47  Missile Turret  
  88  6:49  SCV  
  88  6:53  Hellion  
  91  6:57  SCV  
  91  6:59  Supply Depot  
  91  7:01  SCV  
  93  7:19  Hellion x2  
  93  7:20  Siege Tank  
  91  7:25  SCV  
  91  7:26  SCV  
  91  7:29  Liberator  
  93  7:31  Siege Tank, Orbital Command  
  96  7:37  Viking, Refinery, SCV  
  96  7:39  SCV  
  96  7:43  Refinery  
  92  7:50  Hellion, Liberator  
  97  7:51  SCV  
  97  7:57  SCV x2  
  98  8:03  SCV  
  98  8:05  Hellion x3  
  105  8:09  SCV  
  109  8:13  Supply Depot x2  
  109  8:18  Sensor Tower  
  109  8:23  Supply Depot  
  109  8:34  Siege Tank, SCV x3  
  109  8:35  Viking, Hellion  
  119  8:41  Siege Tank  
  119  8:42  Hellion  
  119  8:46  Supply Depot, SCV x2  
  126  8:52  Factory  
  126  8:53  Viking  
  126  8:54  Factory  
  128  9:00  Armory  
  128  9:01  SCV  
  129  9:04  Hellion  
  129  9:08  Supply Depot  
  129  9:09  Missile Turret  
  129  9:12  Infernal Pre-Igniter  
  129  9:17  Mag-Field Accelerator  
  129  9:18  Hellion  
  131  9:26  Viking  
  131  9:27  Viking  
  129  9:33  Supply Depot, Hellion  
  129  9:38  Factory Tech Lab, Missile Turret  
  131  9:39  Factory Reactor  
  131  9:42  Hellion  
  131  9:45  Hellion  
  135  9:52  Terran Vehicle Weapons Level 1  
  135  9:53  Supply Depot  
  135  9:54  Siege Tank  
  138  10:06  Command Center  
  138  10:16  Hellion, Siege Tank  
  143  10:22  Hellion, Siege Tank  
  143  10:23  Hellion  
  143  10:26  Hellion, Siege Tank  
  146  10:37  Viking x2  
  147  10:48  Cyclone, Hellion x2  
  154  10:54  Cyclone  
  157  10:58  Supply Depot  
  157  11:07  Viking x2  
  157  11:11  Hellion x2  
  165  11:15  Supply Depot  
  165  11:16  Supply Depot  
  165  11:18  Hellion  
  167  11:22  Cyclone  
  170  11:34  Hellion x2, Siege Tank  
  170  11:37  Viking x2  
  181  11:43  Refinery  
  181  11:48  Hellion  
  181  11:58  Planetary Fortress  
  181  11:59  SCV  
  181  12:00  Hellion, Siege Tank  
  180  12:06  Hellion  
  180  12:07  Missile Turret, Viking, Refinery  
  181  12:13  Viking  
  181  12:14  Terran Vehicle Weapons Level 2  
  183  12:18  Cyclone  
  186  12:25  Sensor Tower  
  186  12:27  Hellion  
  186  12:28  Hellion  
  190  12:37  Viking  
  190  12:41  Siege Tank  
  190  12:43  Viking  
  195  12:46  Hellion, Siege Tank  
  195  12:49  Hellion  
  143  12:55  Hellion, Siege Tank  
  132  12:59  Hellion  
  134  13:07  Hellion  
  123  13:14  Hellion, Siege Tank  
  123  13:16  Hellion  
  123  13:18  Siege Tank  
  123  13:19  Viking  
  123  13:24  SCV x3  
  126  13:27  Cyclone  
  126  13:30  Hellion x2  
  133  13:36  Smart Servos  
  133  13:42  Hellion  
  133  13:46  Viking, Cyclone  
  140  13:50  Cyclone  
  140  13:52  Viking  
  140  13:55  Drilling Claws  
  145  13:56  Widow Mine x2  
  145  13:57  Widow Mine  
  145  13:59  Widow Mine  
  153  14:06  Hellion  
  155  14:16  Viking  
  151  14:18  Cyclone  
  151  14:20  Hellion x3  
  151  14:21  Hellion  
  151  14:22  Viking  
  160  14:29  Widow Mine  
  162  14:36  Command Center  
  162  14:38  Cyclone  
  165  14:42  Cyclone  
  168  14:56  Hellion  
  168  14:58  Cyclone  
  168  14:59  Hellion x2  
  171  15:02  Terran Vehicle Weapons Level 3  
  171  15:03  Viking  
  171  15:04  Viking  
  171  15:06  Hellion  
  177  15:10  Siege Tank  
  178  15:14  Hellion  
  178  15:17  Hellion  
  178  15:20  Hellion  
  182  15:22  Hellion  
  182  15:28  Hellion  
  169  15:30  Siege Tank  
  169  15:33  Viking  
  174  15:35  Hellion  
  170  15:43  Cyclone  
  170  15:49  Widow Mine x2  
  177  15:53  Widow Mine  
  177  15:58  Siege Tank  
  165  16:36  Viking x2  
  165  16:39  Cyclone  
  151  16:49  Hellion  
  156  17:01  Hellion  
  156  17:15  Hellion, Cyclone  
  155  17:19  Planetary Fortress  
  152  17:30  Missile Turret  
  152  17:31  Missile Turret  
  152  17:36  Cyclone  
  155  17:38  Hellion  
  155  17:44  Hellion  
  157  17:47  Cyclone  
  160  17:52  Supply Depot  
  155  18:01  Cyclone  
  155  18:05  Hellion  
  99  18:06  Hellion x2  
  99  18:10  Siege Tank  
  80  18:17  Hellion  
  80  18:19  Cyclone  
  85  18:26  Hellion  
  87  18:28  Hellion x2  
  91  18:36  Hellion  
  91  18:38  Hellion  
  95  18:42  Siege Tank  
  98  18:52  Cyclone  
  98  18:53  Hellion  
  101  18:55  Liberator  
  101  18:58  Hellion, Siege Tank, Liberator  
  106  19:04  Hellion  
  105  19:14  Siege Tank  
  114  19:21  Orbital Command  
  114  19:24  Hellion, Siege Tank  
  117  19:29  Widow Mine  
  117  19:30  Widow Mine x2, Cyclone  
  128  19:46  Hellion, Siege Tank  
  137  19:53  Widow Mine x2  
  137  19:55  Viking  
  137  19:58  Viking  
  137  19:59  SCV x2  
  143  20:04  Hellion  
  143  20:08  Hellion  
  143  20:11  Supply Depot, SCV x2  
  144  20:17  Siege Tank  
  144  20:18  Hellion  
  148  20:23  SCV  
  148  20:25  Viking, Siege Tank  
  148  20:26  Hellion  
  154  20:29  Hellion  
  154  20:33  Hellion  
  156  20:36  Liberator  
  156  20:37  Hellion  
  156  20:38  Liberator  
  156  20:39  Hellion  
  160  20:47  Hellion  
  160  20:49  Siege Tank  
  166  21:02  Hellion, Siege Tank  
  162  21:10  Hellion x2  
  166  21:12  Hellion  
  166  21:16  Hellion  
  167  21:21  Siege Tank  
  167  21:24  Hellion  
  170  21:27  Liberator  
  170  21:31  Hellion x2  
  149  21:33  Hellion  
  149  21:34  Hellion  
  149  21:37  Hellion  
  125  21:45  Hellion  
  131  21:47  SCV x2  
  131  21:52  Hellion  
  131  21:54  Hellion x2  
  132  22:00  Hellion  
  128  22:03  Hellion  
  128  22:05  Hellion  
  134  22:08  Hellion  
Tags
 
Add a new tag
Caveats
  • Supply blocks, unpowered buildings, or Contaminate may cause inaccurate times.
  • Supply counts are checked every 10 seconds.